 Dungeon Crawl Stone Soup version 0.28.0-53-g5a82cb258f (webtiles) character file.

Game seed: 12640574535031187852

57408 cbfl8 the Severer (level 14, -19/133 HPs)
             Began as a Minotaur Berserker on Nov 17, 2022.
             Was a High Priest of Trog.
             Demolished by a five-headed hydra simulacrum (38 damage)
             ... on level 3 of the Lair of Beasts on Nov 18, 2022.
             The game lasted 00:34:35 (23969 turns).

cbfl8 the Severer (Minotaur Berserker)             Turns: 23969, Time: 00:34:36

Health: -19/133    AC: 23    Str: 23    XL:     14   Next: 45%
Magic:  4/4        EV: 11    Int:  4    God:    Trog [*****.]
Gold:   1586       SH:  0    Dex: 20    Spells: 13/13 levels left

rFire   + . .      SeeInvis .   T - +3 battleaxe (antimagic)
rCold   . . .      Faith    .   (shield currently unavailable)
rNeg    . . .      Spirit   .   V - +0 plate armour {rF+}
rPois   .          Reflect  .   C - +1 hat
rElec   .          Harm     .   y - +2 cloak
rCorr   .          Rampage  .   k - +0 pair of gloves
Will    +....                   U - -1 pair of boots "Sonol" {Regen+}
Stlth   ..........              (no amulet)
HPRegen 1.12/turn               q - +4 ring of slaying
MPRegen 0.09/turn               m - +6 ring of dexterity

@: no status effects
A: horns 2, retaliatory headbutt
a: Renounce Religion, Berserk, Trog's Hand, Brothers in Arms


You were on level 3 of the Lair of Beasts.
You worshipped Trog.
Trog was extremely pleased with you.
You visited 2 branches of the dungeon, and saw 18 of its levels.
You visited the Abyss 1 time.
You also visited: Volcano.

You collected 1586 gold pieces.

Inventory:

Hand Weapons
 i - a +0 executioner's axe
 v - a +1 demon whip of flaming
 T - a +3 antimagic battleaxe (weapon)
Armour
 k - a +0 pair of gloves (worn)
 u - a +0 pair of boots
 y - a +2 cloak (worn)
 C - a +1 hat (worn)
 U - the -1 pair of boots "Sonol" (worn) {Regen+}
   (You found it in a volcano)

   Regen:     It increases your rate of health regeneration.
 V - a +0 plate armour of fire resistance (worn)
Jewellery
 c - a ring of poison resistance
 m - a +6 ring of dexterity (right hand)
 q - a +4 ring of slaying (left hand)
 R - a ring of resist corrosion
 X - a ring of willpower
Wands
 j - a wand of paralysis (14)
 o - a wand of charming (6)
 r - a wand of digging (4)
 A - a wand of mindburst (27)
 F - a wand of flame (29)
 I - a wand of acid (8) (quivered)
 J - a wand of iceblast (16)
 S - a wand of polymorph (5)
Scrolls
 a - a scroll of summoning
 d - 3 scrolls of teleportation
 f - 4 scrolls of fog
 w - 4 scrolls of enchant weapon
 x - 7 scrolls of noise
 z - 3 scrolls of immolation
 E - a scroll of torment {unknown}
 H - a scroll of brand weapon {unknown}
 K - 2 scrolls of fear
 M - 2 scrolls of identify
 P - a scroll of enchant armour {unknown}
 Q - 2 scrolls of holy word {unknown}
Potions
 b - 3 potions of haste {unknown}
 e - 4 potions of ambrosia {unknown}
 g - 3 potions of brilliance {unknown}
 h - 2 potions of magic {unknown}
 n - 5 potions of lignification {unknown}
 p - 4 potions of attraction {unknown}
 B - a potion of invisibility {unknown}
 D - a potion of might {unknown}
 G - 3 potions of curing
 L - 4 potions of cancellation {unknown}
 N - 2 potions of mutation {unknown}
 O - 4 potions of flight {unknown}
 Y - a potion of resistance
Miscellaneous
 l - a tin of tremorstones (2/2)
 s - a phantom mirror
 W - a condenser vane


   Skills:
 + Level 14.8 Fighting
 + Level 20.6 Axes
 + Level 14.8 Armour
 + Level 6.8 Dodging
 + Level 2.8 Stealth
 + Level 3.9 Shields
 + Level 1.3 Evocations


You had 13 spell levels left.
You didn't know any spells.
Your spell library was empty.

Dungeon Overview and Level Annotations

Branches:
Dungeon (15/15)            Temple (0/1) D:5            Lair (3/6) D:11
 Shoals (0/4) Lair:2        Snake (0/4) Lair:3          Orc (0/2) D:9
 Vaults (0/5) D:14         Depths (0/4) D:15        Volcano (visited)

Altars:
Cheibriados
Hepliaklqana
Okawaru
Qazlal
Ru
Trog
Uskayaw
Wu Jian
The Shining One

Shops:
D:3 (   D:7 [

Annotations:
Lair:1 exclusion: 2 oklob plants
Lair:3 1 transporter


Innate Abilities, Weirdness & Mutations

You have a pair of horns on your head.
You reflexively headbutt those who attack you in melee.


Message History

There is a large open translucent door here.
You see here 2 scrolls of vulnerability.
You see here a +0 whip.
There is a transporter here.
There is a transporter landing site here.
There is a transporter landing site here.
You see here 23 stones.
There is a transporter here.
You enter the transporter and appear at another place.
Y - a potion of resistance You now have 1586 gold pieces (gained 23).
You open the gate.
You are engulfed in freezing vapours.
The basilisk simulacrum misses you. You furiously retaliate!
You headbutt the basilisk simulacrum!!
There is an open gate here.
You slice the basilisk simulacrum!!
The basilisk simulacrum vaporises!
Trog accepts your kill.
You hack one of the six-headed hydra simulacrum's heads off!
You slash the five-headed hydra simulacrum!
You are engulfed in freezing vapours.
The five-headed hydra simulacrum bites you but does no damage.
The five-headed hydra simulacrum bites you!
The five-headed hydra simulacrum freezes you!!!
The five-headed hydra simulacrum bites you.
The five-headed hydra simulacrum freezes you!!
* * * LOW HITPOINT WARNING * * *
The five-headed hydra simulacrum bites you but does no damage. x2
Okay, then.
You feel much better.
You are engulfed in freezing vapours.
* * * LOW HITPOINT WARNING * * *
The bullfrog simulacrum hits you.
* * * LOW HITPOINT WARNING * * *
The bullfrog simulacrum freezes you!
* * * LOW HITPOINT WARNING * * *
The five-headed hydra simulacrum bites you but does no damage.
The five-headed hydra simulacrum bites you!
* * * LOW HITPOINT WARNING * * *
The five-headed hydra simulacrum freezes you!!!
You die...

P...#...# #....# ........#
##.©.## #.......# ###########
.....^..## #°°○(©?○○○#
......)..###°○○()[○°○#
#.........##☼°°°°○○○○#
<..........#○°°ZZ°°☼°#
...........#○°☼○Z○☼°☼#
.P.........####Z@☼####
#####.......#○°...○°###
###......#○○#.#°°#P###
####..#.....#○○...☼○#...#
...........(#○.#©#°○#..##
.)......#...#°○○○°.°#..##
........##..#..○○°..#.#.##
...P######..#########..#.######
##.## ###......©.............#


You could see a five-headed hydra simulacrum, a dire elephant simulacrum, a
bullfrog simulacrum and a boulder beetle simulacrum.

Vanquished Creatures
  Frances (D:13)
  A war gargoyle (D:14)
  The ghost of jjjjhere the Covert, a journeyman GnEn of Hepliaklqana (Lair:3)
  3 very ugly things (Abyss:3)
  A bunyip (shapeshifter) (D:14)
  An ettin (D:15)
  2 boulder beetles
  A hydra (Lair:2)
  A catoblepas (D:15)
  A centaur warrior (D:14)
  A death knight (D:15)
  Erica (D:9)
  7 two-headed ogres
  6 death yaks (Lair:2)
  A thrashing horror (Abyss:3)
  A deep troll (D:15)
  A wizard (D:15)
  An oklob plant (Lair:1)
  5 cyclopes
  A moth of wrath (shapeshifter) (D:12)
  3 deep elf pyromancers
  13 ugly things
  2 salamanders (Volcano)
  3 elephants
  A merfolk siren (Lair:2)
  A black mamba (Lair:3)
  4 cane toads
  A smoke demon (Abyss:3)
  A naga mage (Abyss:3)
  11 gargoyles
  2 unseen horrors
  2 rime drakes
  4 komodo dragons
  3 trolls
  2 ancient zymes
  14 meliai
  A queen bee (Lair:2)
  A meliai (shapeshifter) (D:14)
  A troll (shapeshifter) (D:15)
  A merfolk (Lair:2)
  2 slime creatures (D:15)
  5 raiju (Abyss:3)
  7 blink frogs
  3 spriggans (Lair:3)
  5 wraiths
  2 vampires
  4 fire bats
  8 wyverns
  2 small abominations (Abyss:3)
  A yak (shapeshifter) (D:14)
  20 yaks
  6 vampire mosquitoes
  5 basilisks
  A neqoxec (Abyss:3)
  Menkaure (D:5)
  2 steam dragons (D:9)
  6 nagas
  Edmund (D:5)
  Pargi (D:4)
  11 water moccasins
  2 hell hounds (Volcano)
  An ice beast (D:6)
  5 orc warriors
  7 black bears
  A necrophage (D:6)
  6 wolves (Lair:3)
  3 ogres
  9 centaurs
  Blork the orc (D:5)
  A kobold brigand (D:7)
  7 bullfrogs
  3 gnoll sergeants
  5 scorpions
  A water moccasin skeleton (D:6)
  31 killer bees
  4 wights (D:8)
  5 howler monkeys
  2 bullfrog zombies
  5 centaur zombies
  A quasit (Abyss:3)
  8 orc priests
  3 hounds
  2 gnoll shamans
  4 jellies
  Crazy Yiuf (D:5)
  An iron imp (Abyss:3)
  Ijyb (D:3)
  2 iguanas
  9 orc wizards
  A hell rat (Lair:2)
  A basilisk simulacrum (Lair:3)
  Robin (D:3)
  A howler monkey zombie (D:7)
  16 gnolls
  A howler monkey skeleton (D:4)
  4 adders
  2 shadow imps
  2 ufetubi
  An adder zombie (D:5)
  An adder skeleton (D:4)
  2 worms
  2 dart slugs (D:3)
  26 orcs
  2 bats (D:3)
  5 endoplasms
  2 giant cockroaches (D:4)
  18 goblins
  11 hobgoblins
  3 jackals (D:5)
  2 quokkas
  3 ball pythons
  7 frilled lizards
  9 kobolds
  2 rats
458 creatures vanquished.

Vanquished Creatures (collateral kills)
  A wizard (D:15)
  2 large abominations (Abyss:3)
  A tormentor (Abyss:3)
  2 raiju (Abyss:3)
  A flying skull (Abyss:3)
7 creatures vanquished.

Vanquished Creatures (others)
  8 foxfires (Abyss:3)
  9 fungi
  A lurking horror (Abyss:3)
  17 plants
35 creatures vanquished.

Grand Total: 500 creatures vanquished

Notes
Turn   | Place    | Note
-------+----------+-------------------------------------------
     0 | D:1      | cbfl8 the Minotaur Berserker began the quest for the Orb.
     0 | D:1      | Reached XP level 1. HP: 19/19 MP: 0/0
   402 | D:1      | Found a faded altar of an unknown god.
  1042 | D:2      | Reached skill level 4 in Axes
  1064 | D:2      | Reached XP level 2. HP: 6/27 MP: 1/1
  1586 | D:2      | Found a stormy altar of Qazlal.
  1983 | D:3      | Reached XP level 3. HP: 30/33 MP: 2/2
  2039 | D:3      | Found a snail-covered altar of Cheibriados.
  2220 | D:3      | Noticed Ijyb
  2223 | D:3      | Paralysed by Ijyb for 3 turns
  2230 | D:3      | Killed Ijyb
  2440 | D:3      | Found a stormy altar of Qazlal.
  2500 | D:3      | Reached XP level 4. HP: 37/41 MP: 3/3
  2611 | D:3      | Identified the +0 helmet "Anoxigad" {Harm rPois Int-4}
  2611 | D:3      | Noticed Robin
  2624 | D:3      | Killed Robin
  2682 | D:3      | Reached skill level 5 in Axes
  2734 | D:3      | Found Ystroqa's Antique Weapon Shop.
  2935 | D:4      | Reached XP level 5. HP: 27/47 MP: 4/4
  3195 | D:4      | Reached ** piety under Trog
  3260 | D:4      | Found a hazy altar of Hepliaklqana.
  3372 | D:4      | Reached skill level 5 in Fighting
  3744 | D:4      | Noticed Pargi
  3747 | D:4      | Noticed a black bear
  3752 | D:4      | Killed Pargi
  3753 | D:4      | Reached skill level 6 in Axes
  3753 | D:4      | Reached XP level 6. HP: 56/56 MP: 5/5
  4251 | D:4      | Reached XP level 7. HP: 42/62 MP: 6/6
  4258 | D:4      | Reached skill level 5 in Armour
  4558 | D:5      | Entered Level 5 of the Dungeon
  4597 | D:5      | Noticed Blork the orc
  4608 | D:5      | Killed Blork the orc
  4609 | D:5      | Reached skill level 7 in Axes
  4609 | D:5      | Reached skill level 1 in Stealth
  4719 | D:5      | Identified the +1 scale mail of the Dwarven Hall {Harm rC-
                  | Str+3}
  4875 | D:5      | Noticed Edmund
  4885 | D:5      | Killed Edmund
  5045 | D:5      | Found a glowing golden altar of the Shining One.
  5116 | D:5      | Noticed Menkaure
  5122 | D:5      | Killed Menkaure
  5123 | D:5      | Reached skill level 8 in Axes
  5123 | D:5      | Reached XP level 8. HP: 47/70 MP: 7/7
  5461 | D:5      | Found a runed translucent door.
  5462 | D:5      | Noticed Crazy Yiuf
  5536 | D:5      | Found a staircase to the Ecumenical Temple.
  6452 | D:5      | Killed Crazy Yiuf
  6683 | D:6      | Reached skill level 9 in Axes
  6765 | D:6      | Reached *** piety under Trog
  6906 | D:6      | Reached XP level 9. HP: 76/79 MP: 8/8
  7024 | D:6      | Found a bloodstained altar of Trog.
  7125 | D:6      | Reached skill level 10 in Axes
  7522 | D:7      | Noticed a troll
  7527 | D:7      | Killed a troll
  7661 | D:7      | Found Luamnax's Antique Armour Shop.
  7949 | D:7      | Reached skill level 11 in Axes
  8449 | D:7      | Found an ornate altar of the Wu Jian Council.
  9001 | D:8      | Reached XP level 10. HP: 89/89 MP: 9/9
  9005 | D:8      | Reached **** piety under Trog
  9398 | D:9      | Noticed Erica
  9658 | D:9      | Found a sacrificial altar of Ru.
  9712 | D:9      | Found a hide-covered altar of Uskayaw.
  9718 | D:9      | Noticed a two-headed ogre
  9744 | D:9      | Killed a two-headed ogre
  9745 | D:9      | Reached skill level 12 in Axes
  9745 | D:9      | Reached skill level 10 in Armour
  9745 | D:9      | Reached skill level 5 in Dodging
 10190 | D:9      | Found a staircase to the Orcish Mines.
 10431 | D:9      | Killed Erica
 10432 | D:9      | Reached skill level 13 in Axes
 10728 | D:10     | Entered Level 10 of the Dungeon
 10990 | D:10     | Reached skill level 1 in Shields
 11487 | D:10     | Noticed a two-headed ogre
 11494 | D:10     | Killed a two-headed ogre
 11495 | D:10     | Reached XP level 11. HP: 84/97 MP: 10/10
 11935 | D:10     | Reached skill level 14 in Axes
 12104 | D:11     | Reached skill level 10 in Fighting
 12341 | D:11     | Reached ***** piety under Trog
 12504 | D:11     | Received a gift from Trog
 12565 | D:11     | Found a staircase to the Lair.
 13017 | D:11     | Noticed a boulder beetle
 13028 | D:11     | Killed a boulder beetle
 13029 | D:11     | Reached skill level 15 in Axes
 13233 | D:12     | Noticed a two-headed ogre
 13241 | D:12     | Killed a two-headed ogre
 13245 | D:12     | Noticed a two-headed ogre
 13253 | D:12     | Killed a two-headed ogre
 13487 | D:12     | Noticed a deep elf pyromancer
 13495 | D:12     | Killed a deep elf pyromancer
 13538 | D:12     | Reached XP level 12. HP: 42/108 MP: 3/11
 13872 | D:12     | Reached skill level 16 in Axes
 14431 | D:12     | Noticed a boulder beetle
 14444 | D:12     | Killed a boulder beetle
 15025 | D:13     | Found a hazy altar of Hepliaklqana.
 15722 | D:14     | Noticed Frances
 15825 | D:14     | Noticed a centaur warrior
 15830 | D:14     | Killed a centaur warrior
 15896 | D:13     | Killed Frances
 15897 | D:13     | Reached skill level 17 in Axes
 16298 | D:14     | Found a stormy altar of Qazlal.
 16545 | D:14     | Found a gate to the Vaults.
 16812 | D:14     | Noticed a war gargoyle
 16818 | D:14     | Reached XP level 13. HP: 119/119 MP: 4/12
 16818 | D:14     | Killed a war gargoyle
 16819 | D:14     | Reached skill level 18 in Axes
 16972 | D:14     | Noticed a quicksilver dragon
 17455 | D:14     | Noticed an ettin
 17455 | D:14     | an ice dragon changed into an ettin
 17458 | D:14     | Noticed a bunyip
 17458 | D:14     | an ettin changed into a bunyip
 17463 | D:14     | Killed a bunyip
 17644 | D:15     | Entered Level 15 of the Dungeon
 18234 | D:15     | Cast into level 3 of the Abyss (a wizard)
 18332 | Abyss:3  | Noticed a purple very ugly thing
 18341 | Abyss:3  | Killed a purple very ugly thing
 18342 | Abyss:3  | Noticed a purple very ugly thing
 18346 | Abyss:3  | Noticed a purple very ugly thing
 18356 | Abyss:3  | Killed a purple very ugly thing
 18360 | Abyss:3  | Killed a green very ugly thing
 18362 | Abyss:3  | Noticed a cacodemon
 18371 | Abyss:3  | Noticed a starcursed mass
 18446 | Abyss:3  | Noticed a hellephant
 18469 | D:15     | Escaped the Abyss
 18480 | D:15     | Noticed an ettin
 18510 | D:15     | Killed an ettin
 19114 | D:15     | Found a staircase to the Depths.
 19610 | Lair:1   | Entered Level 1 of the Lair of Beasts
 19710 | Lair:1   | Reached skill level 19 in Axes
 19995 | Lair:1   | Found an iron altar of Okawaru.
 21178 | Lair:2   | Found a dark tunnel.
 21187 | Volcano  | Entered a volcano
 21609 | Volcano  | Reached XP level 14. HP: 132/132 MP: 4/13
 21617 | Volcano  | Reached skill level 20 in Axes
 21875 | Volcano  | Identified the -1 pair of boots "Sonol" {Regen+}
 22244 | Lair:2   | Reached skill level 1 in Evocations
 22535 | Lair:2   | Found a staircase to the Shoals.
 22707 | Lair:3   | Found a transporter.
 22752 | Lair:3   | Found a large runed translucent door.
 22753 | Lair:3   | Found a large runed translucent door.
 22754 | Lair:3   | Noticed jjjjhere's ghost (journeyman GnEn)
 22776 | Lair:3   | Killed jjjjhere's ghost
 22857 | Lair:3   | Received a gift from Trog
 23564 | Lair:3   | Found a transporter.
 23619 | Lair:3   | Found a staircase to the Snake Pit.
 23969 | Lair:3   | Demolished by a five-headed hydra simulacrum

Illustrated notes

Levels and vault maps discovered:
D:1:      roderic_dead_forest, layout_basic, ebering_ecumenical_altar_petrified
D:2:      layout_loops_cross, basic_altar, minmay_hedge_maze
D:3:      layout_rooms, overflow_temple_1_default, kennysheep_slug_shrine,
          serial_shops, shop_fountains, minmay_unequal, uniq_ijyb, uniq_robin
D:4:      layout_gridville, mainiacjoe_overflow_cross_hatched, uniq_pargi
D:5:      layout_basic, old_standard_altar, minmay_temple_entry_crystal_x,
          uniq_edmund, uniq_crazy_yiuf_cottage, uniq_menkaure,
          uniq_blork_the_orc
D:6:      minmay_chambers_of_fours, layout_cave_pools, marbit_many_paths,
          minmay_strange_pillars
D:7:      layout_basic, nicolae_wu_jian_immortal_techniques, serial_shops,
          shop_fountains, amcnicky_mini_corridor_feature
D:8:      layout_basic, kennysheep_small_spiral, kennysheep_generic_room_7
D:9:      layout_roguey, mainiacjoe_overflow_large_starburst, erik_orc_3,
          uniq_erica
D:10:     layout_stronghold
D:11:     layout_rooms, david_lair_generic, chequers_avenue,
          hangedman_decor_diamond_cutter, eino_jars
D:12:     layout_small_grid
D:13:     layout_small_grid, worldfamousw_hep_ancestral_shrine
D:14:     gargoyle_guard, layout_rooms, david_vaults_2, minmay_door_square,
          nicolae_qazlal_general_emergency, uniq_frances
D:15:     hangedman_depths_entry_civil_slaughter, layout_long_grid,
          nicolae_wwwww
Lair:1:   dpeg_oklob_gauntlet, layout_loops_ring, lemuel_oklob_altar,
          grunt_megastairs_3, serial_bayou_shore_b
Lair:2:   regret_index_combs_of_tragedy, layout_regular_city,
          elwin_shoals_entry_rooms, nicolae_volcano_entry_batcave,
          chequers_serial_rivers_micro_d, grunt_forest_small_clearing_treed,
          lemuel_fruit_tree
Lair:3:   gammafunk_cloud_chamber, layout_misc_corridors,
          minmay_snake_entry_guardpost_medium, ebering_ghost_disaster_area,
          minivault_26, wad_woods_02, infiniplex_staircase_pool_2

Skill      XL: |  1  2  3  4  5  6  7  8  9 10 11 12 13 14 |
---------------+-------------------------------------------+-----
Axes           | 4 5 6 8 9 11 13 15 17 19 20 | 20.6
Fighting       | 4 5 6 7 8 9 10 12 14 | 14.8
Armour         | 3 4 6 7 9 10 11 12 13 14 | 14.8
Dodging        | 3 4 5 6 |  6.8
Stealth        | 1 2 |  2.8
Shields        | 1 3 |  3.9
Evocations     | 1 |  1.3

Action                   |  1- 3 |  4- 6 |  7- 9 | 10-12 | 13-15 || total
-------------------------+-------+-------+-------+-------+-------++-------
Melee: Hand axe          |    60 |    94 |   191 |       |       ||   345
       Headbutt          |     9 |    16 |    54 |    87 |   104 ||   270
       Punch             |     1 |     1 |       |       |       ||     2
       War axe           |       |       |    23 |    30 |       ||    53
       Broad axe         |       |       |       |   180 |       ||   180
       Battleaxe         |       |       |       |   178 |   397 ||   575
Invok: Berserk           |     1 |     2 |     4 |     5 |    10 ||    22
       Trog's Hand       |       |       |       |       |     7 ||     7
       Brothers in Arms  |       |       |       |       |     1 ||     1
Evoke: Phantom mirror    |       |       |       |       |     1 ||     1
       Wand              |       |       |       |       |     4 ||     4
  Use: Scroll            |       |       |       |    11 |    12 ||    23
       Potion            |       |       |       |       |     8 ||     8
 Stab: Sleeping          |     1 |       |       |       |       ||     1
Armor: Animal skin       |     6 |       |       |       |       ||     6
       Ring mail         |     2 |    38 |     1 |       |       ||    41
       Scale mail        |       |       |   100 |   142 |       ||   242
       Plate armour      |       |       |       |   108 |   254 ||   362
Dodge: Dodged            |    27 |    50 |   126 |   250 |   205 ||   658
Block: Buckler           |       |       |       |    71 |       ||    71
